Map: Orbital Shipyard

Players

Miszu - Winner!

  • Race: Terran Terran
  • League: Master

llllllllllll

  • Race: Protoss Protoss
  • League: Master

VOD

Have the link to the VOD?

Description

Time

  • Played on: Feb. 5, 2016, 4:44 p.m.
  • Length: 10:35
Show
View Real Time Build Order
Export as new Build Order

Miszu Terran - Winner!

Build Orders: MMM Bio 

Get SALT Encoding   

  12  0:01  SCV  
  13  0:13  SCV  
  14  0:19  Supply Depot  
  14  0:25  SCV  
  15  0:40  SCV  
  16  0:46  Barracks  
  16  0:53  SCV  
  17  1:05  SCV  
  17  1:07  Command Center  
  18  1:17  SCV  
  19  1:19  Barracks  
  19  1:29  SCV  
  19  1:31  Barracks  
  20  1:41  SCV  
  20  1:45  Barracks  
  21  1:54  SCV  
  22  2:06  Marine, Orbital Command  
  23  2:18  Marine  
  23  2:22  Orbital Command  
  24  2:24  Marine  
  25  2:32  Marine, SCV  
  25  2:35  Refinery  
  25  2:36  Marine, Refinery  
  28  2:42  Marine  
  28  2:44  SCV  
  30  2:46  Supply Depot  
  30  2:50  SCV  
  31  2:51  Marine  
  31  2:56  SCV  
  33  3:00  Marine  
  33  3:02  SCV  
  33  3:04  Supply Depot  
  34  3:08  Marine, SCV  
  34  3:14  SCV  
  35  3:20  Marine  
  35  3:22  Marine  
  35  3:23  SCV  
  35  3:26  Bunker, SCV  
  39  3:35  Barracks Tech Lab, SCV  
  39  3:38  SCV  
  41  3:47  SCV  
  42  3:49  Marine  
  42  3:50  Marine, SCV  
  42  3:53  Factory  
  42  3:54  Marine, Stimpack  
  46  3:59  SCV  
  48  4:02  SCV  
  48  4:03  Refinery  
  48  4:06  Supply Depot  
  48  4:07  Marine x2  
  50  4:11  SCV  
  50  4:12  Marine  
  50  4:14  SCV  
  53  4:18  Supply Depot  
  53  4:20  Engineering Bay  
  53  4:23  SCV  
  54  4:28  Marine x2, SCV  
  54  4:30  Supply Depot  
  57  4:32  Marauder  
  57  4:35  SCV  
  60  4:40  SCV  
  60  4:43  Widow Mine  
  60  4:44  Starport  
  63  4:47  SCV  
  64  4:56  Supply Depot  
  64  5:03  Liberator  
  64  5:05  SCV x2  
  66  5:14  Widow Mine  
  65  5:16  Bunker  
  70  5:23  Supply Depot, SCV  
  70  5:33  Supply Depot, Marine x2, Marauder  
  72  5:47  Liberator  
  56  6:07  Widow Mine  
  58  6:11  SCV  
  58  6:12  SCV  
  60  6:23  Marine x2, Marauder  
  60  6:24  SCV  
  65  6:26  SCV  
  65  6:28  Barracks  
  65  6:29  Barracks  
  64  6:36  SCV  
  64  6:38  SCV  
  65  6:42  Widow Mine  
  65  6:45  Marauder  
  69  6:47  Medivac  
  69  6:48  SCV  
  69  6:50  SCV  
  73  7:00  SCV  
  74  7:02  SCV  
  74  7:03  Marine x2  
  74  7:05  Combat Shields  
  74  7:06  Marauder  
  79  7:12  SCV  
  79  7:14  SCV  
  82  7:16  Factory Reactor  
  82  7:17  Marine x2  
  82  7:21  Marine x2  
  82  7:27  Bunker, Marauder  
  84  7:35  Marine, SCV  
  84  7:36  Marine  
  86  7:42  Supply Depot, Marine x2, Medivac  
  86  7:43  Supply Depot  
  90  7:48  Marine  
  91  7:53  Marine  
  91  7:54  Marine  
  93  8:00  Marine  
  93  8:03  Marine  
  95  8:07  Marauder, SCV  
  95  8:08  SCV  
  95  8:10  Marine  
  95  8:11  Marine  
  100  8:15  Bunker  
  100  8:17  Widow Mine  
  102  8:24  Marine  
  102  8:28  Marauder  
  104  8:38  Marine  
  104  8:40  Marine  
  104  8:41  Marine  
  106  8:42  Marine  
  108  8:48  Widow Mine  
  110  8:56  Refinery  
  110  8:59  Supply Depot  
  110  9:00  Supply Depot, Marine x4, Medivac  
  110  9:01  Marauder  
  110  9:02  Supply Depot  
  117  9:03  Supply Depot  
  117  9:17  Medivac  
  117  9:18  Marine x3  
  117  9:20  Marine  
  117  9:22  Marauder  
  121  9:30  Viking  
  122  9:36  Marine x2  
  122  9:43  Marauder  
  122  9:47  Medivac  
  122  10:05  Marauder  
Show
View Real Time Build Order
Export as new Build Order

llllllllllll Protoss 

Build Orders: Mass Adepts 

Get SALT Encoding   

  12  0:02  Probe (Chrono Boost)  
  13  0:13  Probe (Chrono Boost)  
  14  0:21  Pylon  
  14  0:23  Probe (Chrono Boost)  
  15  0:39  Gateway, Probe (Chrono Boost)  
  16  0:43  Assimilator  
  17  0:50  Probe (Chrono Boost)  
  17  1:00  Probe (Chrono Boost)  
  18  1:11  Probe (Chrono Boost)  
  19  1:18  Pylon  
  19  1:22  Probe (Chrono Boost)  
  20  1:26  Cybernetics Core  
  20  1:34  Probe (Chrono Boost)  
  20  1:37  Gateway  
  20  1:38  Gateway  
  21  1:46  Probe (Chrono Boost)  
  22  1:52  Assimilator  
  22  2:02  Mothership Core (Chrono Boost)  
  22  2:05  Adept (Chrono Boost)  
  26  2:18  Warp Gate (Chrono Boost)  
  26  2:21  Pylon  
  27  2:22  Probe (Chrono Boost)  
  27  2:28  Adept (Chrono Boost)  
  31  2:31  Adept (Chrono Boost)  
  31  2:39  Probe  
  31  2:41  Pylon  
  32  2:56  Stalker (Chrono Boost)  
  32  2:57  Stalker (Chrono Boost)  
  36  3:03  Pylon  
  34  3:07  Stalker (Chrono Boost)  
  32  3:15  Pylon  
  32  3:22  Mothership Core (Chrono Boost)  
  33  3:29  Adept (Chrono Boost)  
  33  3:38  Adept x2 (Chrono Boost)  
  37  3:54  Probe  
  40  3:57  Adept (Chrono Boost)  
  40  4:02  Adept (Chrono Boost)  
  42  4:03  Robotics Facility  
  42  4:16  Gateway  
  42  4:21  Pylon  
  42  4:30  Pylon  
  42  4:47  Adept x2  
  42  4:51  Pylon  
  46  4:55  Warp Prism (Chrono Boost)  
  48  5:06  Stalker  
  50  5:26  Adept x2  
  54  5:34  Pylon  
  54  5:37  Pylon  
  46  5:44  Adept x2  
  46  5:49  Adept  
  44  5:55  Adept  
  34  6:05  Observer (Chrono Boost)  
  34  6:06  Adept  
  35  6:13  Adept x2  
  39  6:38  Immortal (Chrono Boost)  
  39  6:39  Sentry x3  
  46  6:54  Stalker  
  46  7:05  Stalker x2  
  50  7:12  Stalker  
  52  7:23  Warp Prism (Chrono Boost)  
  54  7:38  Stalker  
  54  7:41  Stalker  
  56  7:52  Adept  
  58  8:00  Adept  
  58  8:02  Observer (Chrono Boost)  
  61  8:14  Adept  
  61  8:15  Adept x2  
  67  8:27  Colossus (Chrono Boost)  
  63  8:39  Adept x3  
Tags
 
Add a new tag
Caveats
  • Supply blocks, unpowered buildings, or Contaminate may cause inaccurate times.
  • Supply counts are checked every 10 seconds.